 Dungeon Crawl Stone Soup version 0.23-a0-80-gc95c2c7 (webtiles) character file.

3246 Amnesiac the Zephyrmancer (level 9, -6/57 HPs)
             Began as a Mummy Air Elementalist on Aug 13, 2018.
             Was a Believer of Sif Muna.
             Mangled by a big kobold
             ... wielding a +0 short sword of distortion
              (19 damage)
             ... on level 4 of the Dungeon.
             The game lasted 00:09:15 (7401 turns).

Amnesiac the Zephyrmancer (Mummy Air Elementalist)  Turns: 7401, Time: 00:09:16

Health: -6/57      AC:  5    Str: 12    XL:     9   Next: 67%
Magic:  1/22       EV: 12    Int: 17    God:    Sif Muna [**....]
Gold:   238        SH:  0    Dex: 16    Spells: 22/27 levels left

rFire    . . .     SeeInvis .   a - +0 scimitar
rCold    + + .     Gourm    .   (no shield)
rNeg     + + +     Faith    .   g - +0 leather armour of Filth {rF+ rC+ Dex+4} (curse)
rPois    ∞         Spirit   .   n - +0 helmet
rElec    .         Reflect  .   e - +0 cloak
rCorr    .         Harm     .   (no gloves)
MR       +....                  (no boots)
Stlth    ++........             (no amulet)
HPRegen  0.19/turn              (no ring)
MPRegen  0.18/turn              (no ring)

@: no casting
A: no food or potions, fire vulnerability, cold resistance 1, negative energy
resistance 3, torment resistance, unbreathing
a: Stop Divine Energy, Renounce Religion


You were on level 4 of the Dungeon.
You worshipped Sif Muna.
Sif Muna was pleased with you.
You were not hungry.

You visited 2 branches of the dungeon, and saw 7 of its levels.

You collected 238 gold pieces.

Inventory:

Hand Weapons
 a - a +0 scimitar (weapon)
 b - a +3 whip of electrocution
Armour
 e - a +0 cloak (worn)
 g - the cursed +0 leather armour of Filth (worn) {rF+ rC+ Dex+4}
   (You found it on level 6 of the Dungeon)

   It affects your dexterity (+4).
   It protects you from fire.
   It protects you from cold.
   It has a curse placed upon it.
 n - a +0 helmet (worn)
Wands
 m - a wand of paralysis (8)
Scrolls
 c - a scroll of fog {!r, unknown}
 d - a scroll of acquirement {!r, unknown}
 f - 3 scrolls of magic mapping {!r, unknown}
 h - a scroll of enchant armour {!r}
 i - 8 scrolls of identify {!r, unknown}
 k - 2 scrolls of teleportation {!r, unknown}
 l - 2 scrolls of remove curse {!r}


   Skills:
 - Level 1.5 Dodging
 - Level 1.5 Stealth
 + Level 9.7 Spellcasting
 - Level 0.7 Conjurations
 * Level 9.8 Air Magic


You had 22 spell levels left.
You knew the following spells:

 Your Spells              Type           Power        Failure   Level  Hunger
a - Airstrike             Air            #####.....   1%          4    N/A
d - Shock                 Conj/Air       ####         1%          1    N/A

Your spell library contained the following spells:

 Spells                   Type           Power        Failure   Level  Hunger
 Apportation              Tloc           #.....       11%         1    N/A
 Lightning Bolt           Conj/Air       ####......   34%         5    N/A
 Summon Small Mammal      Summ           #...         11%         1    N/A
 Animate Skeleton         Necr           N/A          11%         1    N/A
 Swiftness                Chrm/Air       ####....     2%          2    N/A
 Spider Form              Tmut/Pois      #.........   32%         3    N/A
 Blade Hands              Tmut           #.........   97%         5    N/A
 Ice Form                 Ice/Tmut       #.......     73%         4    N/A
 Confusing Touch          Hex            #.....       11%         1    N/A
 Sticks to Snakes         Tmut           #.......     17%         2    N/A
 Static Discharge         Conj/Air       ####....     3%          3    N/A
 Beastly Appendage        Tmut           #.....       11%         1    N/A

Dungeon Overview and Level Annotations

Branches:
Dungeon (6/15)             Temple (1/1) D:6

Altars:
Ashenzari
Cheibriados
Dithmenos
Elyvilon
Fedhas
Gozag
Hepliaklqana
Kikubaaqudgha
Makhleb
Nemelex Xobeh
Okawaru
Qazlal
Ru
Sif Muna
Trog
Uskayaw
Vehumet
Wu Jian
Xom
Yredelemnul
The Shining One

Shops:
D:4 *


Innate Abilities, Weirdness & Mutations

You do not eat or drink.
Your flesh is vulnerable to fire.
You are immune to poison.
Your flesh is cold resistant. (rC+)
You are immune to negative energy. (rN+++)
You are immune to unholy pain and torment.
You can survive without breathing.


Message History

The kobold hits you but does no damage. Biddum's ghost hits you.
Casting: Airstrike (safe; 2% risk of failure)
Confirm with . or Enter, or press ? or * to list all spells.
Aiming: Airstrike (safe; 2% risk of failure)
Press: ? - help, Dir - move target cursor, f/p - biddum's ghost
Aim: biddum's ghost (heavily damaged)
The air twists around and violently strikes biddum's ghost!
Biddum's ghost is heavily damaged.
The kobold barely misses you. Biddum's ghost hits you!
Casting: Airstrike (safe; 2% risk of failure)
Confirm with . or Enter, or press ? or * to list all spells.
Aiming: Airstrike (safe; 2% risk of failure)
Press: ? - help, Dir - move target cursor, f/p - biddum's ghost
Aim: biddum's ghost (heavily damaged)
The air twists around and violently strikes biddum's ghost!
Biddum's ghost is severely damaged.
The big kobold hits you but does no damage.
Space warps horribly around you!
* * * LOW HITPOINT WARNING * * *
The kobold hits you but does no damage. x2; Biddum's ghost barely misses you.
You riposte.
You hit biddum's ghost.
Biddum's ghost is almost destroyed.
Casting: Airstrike (safe; 2% risk of failure)
Confirm with . or Enter, or press ? or * to list all spells.
Aiming: Airstrike (safe; 2% risk of failure)
Press: ? - help, Dir - move target cursor, f/p - biddum's ghost
Aim: biddum's ghost (almost destroyed)
The air twists around and violently strikes biddum's ghost!
Biddum's ghost is almost destroyed.
Sif Muna grants you divine energy.
You briefly lose access to your magic!
The big kobold hits you with a short sword of distortion.
* * * LOW HITPOINT WARNING * * *
Space warps horribly around you!
* * * LOW HITPOINT WARNING * * *
The kobold closely misses you.
You riposte.
You slash the kobold!
You kill the kobold!
Sif Muna accepts your kill.
The kobold zaps a wand.
You resist with almost no effort.
It is a wand of polymorph (19).
Biddum's ghost barely misses you.
You riposte.
You hit biddum's ghost.
You destroy biddum's ghost!
Sif Muna accepts your kill.
Sif Muna is protecting you from the effects of miscast magic.
The kobold zaps a wand.
You resist with almost no effort.
You regain access to your magic.
Casting: Airstrike (safe; 1% risk of failure)
Confirm with . or Enter, or press ? or * to list all spells.
Aiming: Airstrike (safe; 1% risk of failure)
Press: ? - help, Dir - move target cursor, f - big kobold
Aim: a big kobold, wielding a short sword of distortion The air twists around and strikes the big kobold!
The big kobold is moderately wounded.
Sif Muna grants you divine energy.
You briefly lose access to your magic!
The big kobold barely misses you.
You riposte.
You slash the big kobold!
The big kobold is heavily wounded.
Press: ? - help, v - describe, . - travel
Here: a kobold, wielding a short sword of chaos The floor.
The big kobold hits you with a short sword of distortion.
* * * LOW HITPOINT WARNING * * *
Space warps horribly around you!
You die...

........# ........#
........# #####
).......# #.!.#
........# #.>.# ###
........# #...# #..
.>......########...#
##.#
...#####..KKKKKK...#
##.[#
####.⌠.##..#####@..#
##...# ###.#.#.#..#
##.## ####..%<#
.#%..#..'K.# #.#
#......(#
##......').# #.#
##.#....##
.#...#..'.## #.#
#......###
###.#.#.#.# #.##
##.#.......
#.##.⌠.##.# #..#
##.....#####
##.#####..#### ##.#
#.....##
##<.####....#
#.###.#...#


You could see a big kobold and 5 kobolds.

Vanquished Creatures
  The ghost of biddum the Archer, a novice CeHu of Okawaru (D:4)
  A moth of wrath (D:5)
  A troll (D:4)
  Prince Ribbit (D:6)
  A hungry ghost (D:6)
  The ghost of Gergoth the Magician, an amateur GnWz (D:3)
  A sky beast (D:6)
  2 phantoms
  2 ice beasts (D:5)
  A necrophage (D:5)
  2 ogres
  A centaur (D:6)
  2 bullfrogs (D:6)
  A scorpion (D:5)
  A crimson imp (D:5)
  A centaur zombie (D:6)
  2 hounds
  A jelly (D:6)
  A bullfrog skeleton (D:6)
  An orc priest (D:5)
  2 iguanas
  Ijyb (D:3)
  Natasha (thrice) (D:3)
  An orc wizard (D:5)
  4 worker ants
  Terence (D:3)
  A killer bee zombie (D:5)
  Robin (D:3)
  8 gnolls (D:5)
  4 adders
  A shadow imp (D:6)
  An adder skeleton (D:4)
  2 worms (D:2)
  2 dart slugs (D:1)
  3 leopard geckos
  13 orcs
  4 giant cockroaches
  12 goblins
  4 hobgoblins
  8 jackals
  8 kobolds
  3 quokkas
  A ball python skeleton (D:4)
  10 bats
  7 frilled lizards
  A jackal zombie (D:6)
  A leopard gecko skeleton (D:3)
  A leopard gecko zombie (D:6)
  8 rats
141 creatures vanquished.

Notes
Turn   | Place    | Note
-------+----------+-------------------------------------------
     0 | D:1      | Amnesiac the Mummy Air Elementalist began the quest for the Orb.
     0 | D:1      | Reached XP level 1. HP: 13/13 MP: 4/4
   147 | D:1      | Reached XP level 2. HP: 8/19 MP: 0/5
   788 | D:4      | Reached XP level 3. HP: 6/24 MP: 1/7
   808 | D:3      | Found a transporter.
   808 | D:3      | Found a transporter.
   808 | D:3      | Noticed an ogre
   808 | D:3      | Noticed Gergoth's ghost (amateur GnWz)
  1009 | D:3      | Found a shattered altar of Ashenzari.
  1175 | D:4      | Noticed a troll
  1225 | D:5      | Entered Level 5 of the Dungeon
  1302 | D:4      | Reached XP level 4. HP: 23/30 MP: 2/9
  1316 | D:4      | Learned a level 4 spell: Airstrike
  1414 | D:4      | Found Poipnunk's General Store.
  1428 | D:4      | Noticed biddum's ghost (novice CeHu)
  1465 | D:3      | Found a snail-covered altar of Cheibriados.
  1491 | D:4      | Noticed a big kobold
  1493 | D:4      | Found a runed gate.
  1493 | D:4      | Found a runed gate.
  1493 | D:4      | Found a runed gate.
  1501 | D:4      | Noticed a phantom
  1691 | D:4      | Killed a phantom
  1691 | D:4      | Reached XP level 5. HP: 13/35 MP: 1/11
  2300 | D:5      | Reached XP level 6. HP: 28/41 MP: 0/13
  2532 | D:5      | Reached skill level 5 in Air Magic
  2604 | D:5      | Noticed a moth of wrath
  2607 | D:5      | Found a bloodstained altar of Trog.
  2619 | D:5      | Reached skill level 5 in Spellcasting
  2855 | D:5      | Killed a moth of wrath
  2855 | D:5      | Reached XP level 7. HP: 46/46 MP: 3/16
  3749 | D:5      | Reached XP level 8. HP: 47/52 MP: 5/18
  4545 | D:6      | Found a sparkling altar of Nemelex Xobeh.
  4596 | D:6      | Noticed Prince Ribbit
  4601 | D:6      | Killed Prince Ribbit
  4800 | D:6      | Found a staircase to the Ecumenical Temple.
  4812 | Temple   | Entered the Ecumenical Temple
  4886 | Temple   | Became a worshipper of Sif Muna the Loreminder
  5160 | D:6      | Reached XP level 9. HP: 57/57 MP: 11/21
  5175 | D:6      | Got a spiked leather armour
  5474 | D:4      | Killed a troll
  5967 | D:1      | Reached * piety under Sif Muna
  6712 | D:3      | Noticed Ijyb
  6713 | D:3      | Noticed Terence
  6720 | D:3      | Killed Ijyb
  6725 | D:3      | Killed Terence
  6856 | D:3      | Noticed Robin
  6858 | D:3      | Killed Robin
  6991 | D:3      | Noticed Natasha
  6995 | D:3      | Killed Natasha
  7022 | D:3      | Noticed Natasha
  7026 | D:3      | Killed Natasha
  7176 | D:3      | Identified the cursed +0 leather armour of Filth {rF+ rC+ Dex+4} (You found it on level 6 of the Dungeon)
  7223 | D:3      | Killed Gergoth's ghost
  7228 | D:3      | Got a polished dire flail {venom}
  7234 | D:3      | Identified the +4 dire flail of Tenacity {venom, rC+} (You took it off an ogre on level 3 of the Dungeon)
  7264 | D:3      | Noticed Natasha
  7270 | D:3      | Killed Natasha
  7392 | D:4      | Killed biddum's ghost
  7392 | D:4      | Reached ** piety under Sif Muna
  7401 | D:4      | Mangled by a big kobold

Vault maps used:
D:1:      erik_arrival_triangle_medium
D:3:      nicolae_overflow_hidden_temple, gammafunk_ghost_smash, first_ration,
          nicolae_ashenzari_panopticon, uniq_natasha, uniq_robin, uniq_terence,
          uniq_ijyb
D:4:      serial_shops, shop, gammafunk_ghost_nasty_kobolds,
          small_statue_intersection
D:5:      corexii_leaking_fountain, tgw_trog
D:6:      nemelex_xobeh_ov_fountains_minmay, temple_fountains,
          uniq_prince_ribbit1
Temple:   compressed_dpeg_circular_temple

Skill      XL: |  1  2  3  4  5  6  7  8  9 |
---------------+----------------------------+-----
Air Magic      | 3 4 6 8 9 |  9.8
Spellcasting   | 3 4 6 8 9 |  9.7
Dodging        | |  1.5
Stealth        | |  1.5
Conjurations   | |  0.7

Action                   |  1- 3 |  4- 6 |  7- 9 || total
-------------------------+-------+-------+-------++-------
Melee: Unarmed           |    17 |       |       ||    17
       Short sword       |    10 |     1 |       ||    11
       Whip              |       |     5 |     3 ||     8
       Scimitar          |       |       |    36 ||    36
 Cast: Shock             |    55 |    65 |     3 ||   123
       Airstrike         |       |     8 |   148 ||   156
Invok: Divine Energy     |       |       |     1 ||     1
  Use: Scroll            |       |     5 |       ||     5
Armor: Robe              |    16 |     2 |    14 ||    32
       Leather armour    |       |       |     2 ||     2
Dodge: Dodged            |    62 |    30 |    52 ||   144
       Rpst.: Scimitar   |       |       |    16 ||    16

Table legend:
 A = Non-vault XP
 B = Vault XP
 C = Vault XP percentage of total XP
 D = Non-vault monster count
 E = Vault monster count
 F = Vault count percentage of total count
 G = Total turns spent on level
                 A         B        C        D         E       F
            +---------+---------+-------+---------+---------+-------
      Total |    2732 |    1906 |  41.1 |     120 |      21 |  14.9
            +---------+---------+-------+---------+---------+-------
        D:1 |      43 |       0 |   0.0 |      23 |       0 |   0.0
        D:2 |      68 |       0 |   0.0 |      23 |       0 |   0.0
        D:3 |      98 |     433 |  81.5 |      17 |      12 |  41.4
        D:4 |     527 |     665 |  55.8 |      10 |       2 |  16.7
        D:5 |     886 |     531 |  37.5 |      28 |       6 |  17.6
        D:6 |    1110 |     277 |  20.0 |      19 |       1 |   5.0
            +---------+---------+-------+---------+---------+-------
